 Dungeon Crawl Stone Soup version 0.22-a0-305-gd21a89c (webtiles) character file.

3327 galech the Quickloader (level 9, -3/79 HPs)
             Began as a Centaur Hunter on Mar 30, 2018.
             Was a Priest of Okawaru.
             Succumbed to an orc wizard's poison
             ... on level 8 of the Dungeon.
             The game lasted 00:24:47 (8366 turns).

galech the Quickloader (Centaur Hunter)             Turns: 8366, Time: 00:24:48

Health: -3/79      AC:  8    Str: 15    XL:     9   Next: 71%
Magic:  9/9        EV: 10    Int: 10    God:    Okawaru [***...]
Gold:   254        SH:  0    Dex: 13    Spells: 6/8 levels left

rFire    . . .     SeeInvis .   a - +1 hand crossbow
rCold    . . .     Gourm    .   (no shield)
rNeg     . . .     Faith    .   c - +0 leather armour
rPois    .         Spirit   .   p - +0 helmet
rElec    .         Reflect  .   i - +0 cloak
rCorr    .         Harm     .   v - +0 pair of gloves
MR       .....                  (no barding)
Stlth    +.........             g - amulet of the acrobat
HPRegen  0.23/turn              (no ring)
MPRegen  0.11/turn              (no ring)

@: lethally poisoned (-3 -> -38), very quick
A: large, hooves 3, deformed body, speed 2, tough skin 3
a: Heroism, Renounce Religion


You were on level 8 of the Dungeon.
You worshipped Okawaru.
Okawaru was most pleased with you.
You were very hungry.

You visited 2 branches of the dungeon, and saw 10 of its levels.

You collected 374 gold pieces.
You spent 120 gold pieces at shops.

Inventory:

Hand Weapons
 a - a +1 hand crossbow (weapon)
 b - a +0 short sword
Armour
 c - a +0 leather armour (worn)
 i - a +0 cloak (worn)
 p - a +0 helmet (worn)
 v - a +0 pair of gloves (worn)
Jewellery
 g - an amulet of the acrobat (around neck)
 C - an uncursed ring of ice
 H - an uncursed ring of positive energy {unknown}
Wands
 y - a wand of digging (10)
 F - a wand of random effects (28)
Scrolls
 e - 5 scrolls of remove curse
 h - 3 scrolls of immolation
 n - a scroll of random uselessness {unknown}
 r - a scroll of amnesia
 s - 3 scrolls of magic mapping
 t - 2 scrolls of enchant weapon
 u - 3 scrolls of teleportation
 B - 4 scrolls of blinking
 D - a scroll of fear
 E - a scroll of fog
 I - a scroll of identify
Potions
 j - a potion of ambrosia {unknown}
 k - 8 potions of curing {unknown}
 l - 2 potions of cancellation {unknown}
 m - 2 potions of berserk rage {unknown}
 o - 6 potions of heal wounds {unknown}
 q - a potion of invisibility {unknown}
 w - a potion of magic
 x - a potion of flight
 z - a potion of degeneration
 A - a potion of agility
 G - a potion of lignification
Comestibles
 f - 10 rations


   Skills:
 + Level 7.4 Fighting
 + Level 11.8 Crossbows
 + Level 3.1 Armour
 + Level 2.4 Dodging
 + Level 1.4 Stealth
 + Level 0.3 Spellcasting
 + Level 0.3 Conjurations
 + Level 0.2 Evocations


You had 6 spell levels left.
You knew the following spells:

 Your Spells              Type           Power        Failure   Level  Hunger
a - Searing Ray           Conj           #.....       52%         2    ###....


Dungeon Overview and Level Annotations

Branches:
Dungeon (9/15)             Temple (1/1) D:5
   Lair: D:8-11         Orc: D:9-12

Altars:
Cheibriados
Dithmenos
Elyvilon
Fedhas
Kikubaaqudgha
Okawaru
Qazlal
Ru
Sif Muna
Trog
Uskayaw
Xom
Yredelemnul
Zin
The Shining One

Shops:
D:6 }%(:   D:7 ?


Innate Abilities, Weirdness & Mutations

You have hooves in place of feet.
Armour fits poorly on your strangely shaped body.
You cover ground very quickly.
You have extremely tough skin. (AC +3)


Message History

The puff of flame misses you.
There is a stone staircase leading up here.
You start resting.
You feel sick. Something misses you.
You start resting.
You feel sick. Something closely misses you.
You hear some strange, mumbled words.
A puff of frost appears from out of thin air!
The puff of frost misses you.
You start resting.
You feel sick. Something hits you!
* * * LOW HITPOINT WARNING * * *
You are more poisoned.
* * * LOW HITPOINT WARNING * * *
You feel sick. Something hits you but does no damage.
You are more poisoned.
You climb upwards.
* * * LOW HITPOINT WARNING * * *
You feel very sick. The orc hits you but does no damage.
There is a stone staircase leading down, spattered with blood here.
You closely miss something.
You die...

.#.....##...................#
...............................
.........#.............._..#.#.
###.....##.......#...........#
#.....#.........#..........##
#..#.....##...####%........#..
#.#..#..#..)..# ##..........##
....###...##<.## ##.......###
... #..##.O.@# ##.##..##
#......#o# .. .## ..##...#...
#...###... ##### ####


You could see a two-headed ogre and an orc.

Vanquished Creatures
  2 slime creatures (D:6)
  The ghost of DEFE the Magician, an amateur DEWn (D:4)
  A hungry ghost (D:5)
  A water moccasin (D:6)
  2 ice beasts
  A black bear (D:7)
  2 orc warriors (D:6)
  3 ogres
  A centaur (D:7)
  4 big kobolds
  2 bullfrogs (D:7)
  4 killer bees
  A water moccasin skeleton (D:8)
  A scorpion (D:6)
  A crimson imp (D:5)
  2 hounds
  3 orc priests
  4 orc wizards
  A bullfrog skeleton (D:8)
  An iron imp (D:7)
  7 jellies
  2 iguanas
  Terence (D:2)
  4 worker ants
  Robin (D:2)
  8 gnolls
  8 adders
  A shadow imp (D:6)
  7 oozes
  An adder skeleton (D:5)
  2 worms
  2 dart slugs
  6 leopard geckos
  28 orcs
  A ball python (D:2)
  7 bats
  8 giant cockroaches
  13 goblins
  10 hobgoblins
  4 quokkas
  A frilled lizard (D:2)
  14 kobolds
  A quokka skeleton (D:5)
  11 rats
186 creatures vanquished.

Vanquished Creatures (others)
  7 fungi (D:6)
  11 toadstools (D:6)
18 creatures vanquished.

Grand Total: 204 creatures vanquished

Notes
Turn   | Place    | Note
-------+----------+-------------------------------------------
     0 | D:1      | galech the Centaur Hunter began the quest for the Orb.
     0 | D:1      | Reached XP level 1. HP: 17/17 MP: 1/1
   194 | D:1      | Reached XP level 2. HP: 24/24 MP: 2/2
   239 | D:1      | Reached skill level 5 in Crossbows
   606 | D:2      | Reached XP level 3. HP: 29/29 MP: 3/3
   614 | D:2      | Noticed Terence
   620 | D:2      | Killed Terence
   947 | D:2      | Reached skill level 6 in Crossbows
   947 | D:2      | Reached XP level 4. HP: 36/36 MP: 4/4
  1070 | D:2      | Noticed Robin
  1083 | D:2      | Killed Robin
  1609 | D:3      | Learned a level 2 spell: Searing Ray
  1665 | D:3      | Reached XP level 5. HP: 42/42 MP: 2/5
  1667 | D:3      | Found a glowing golden altar of the Shining One.
  1940 | D:3      | Found a blossoming altar of Fedhas.
  1982 | D:3      | Reached skill level 7 in Crossbows
  2087 | D:3      | Reached XP level 6. HP: 47/50 MP: 6/6
  2412 | D:4      | Noticed DEFE's ghost (amateur DEWn)
  2417 | D:4      | Killed DEFE's ghost
  2417 | D:4      | Reached skill level 8 in Crossbows
  2417 | D:4      | Reached skill level 1 in Armour
  2631 | D:4      | Reached XP level 7. HP: 53/57 MP: 7/7
  2700 | D:4      | Found a deep blue altar of Sif Muna.
  3331 | D:5      | Entered Level 5 of the Dungeon
  3595 | D:5      | Noticed a hungry ghost
  3645 | D:5      | Killed a hungry ghost
  3645 | D:5      | Reached skill level 9 in Crossbows
  4027 | D:5      | Reached XP level 8. HP: 67/67 MP: 8/8
  4169 | D:5      | Found a staircase to the Ecumenical Temple.
  4175 | Temple   | Entered the Ecumenical Temple
  4266 | Temple   | Became a worshipper of Warmaster Okawaru
  4381 | D:5      | Found a stormy altar of Qazlal.
  4499 | D:6      | Found Ixkuem's Gadget Shoppe.
  4550 | D:6      | Found a shattered altar of Ashenzari.
  4552 | D:6      | Found a shimmering altar of Xom.
  4552 | D:6      | Found an ancient bone altar of Kikubaaqudgha.
  4555 | D:6      | Found an opulent altar of Gozag.
  4555 | D:6      | Found an opulent altar of Gozag.
  4555 | D:6      | Found a shimmering altar of Xom.
  4730 | D:6      | Reached skill level 10 in Crossbows
  4831 | D:6      | Reached skill level 1 in Stealth
  4850 | D:6      | Noticed a slime creature
  4850 | D:6      | Noticed a slime creature
  4894 | D:6      | Killed a slime creature
  4894 | D:6      | Reached * piety under Okawaru
  4894 | D:6      | Reached skill level 5 in Fighting
  5151 | D:6      | Killed a slime creature
  5151 | D:6      | Reached skill level 11 in Crossbows
  5430 | D:6      | Reached ** piety under Okawaru
  5430 | D:6      | Reached XP level 9. HP: 72/74 MP: 9/9
  5468 | D:6      | Found Qismu's Food Boutique.
  5469 | D:6      | Found Vihyetug's Antique Weapon Shop.
  5648 | D:6      | Found Wetre's Book Boutique.
  5905 | D:6      | Found a shadowy altar of Dithmenos.
  6661 | D:7      | Found Reghuit's Magic Scroll Boutique.
  6665 | D:7      | Bought a scroll of identify for 24 gold pieces
  6665 | D:7      | Bought a scroll of identify for 24 gold pieces
  6665 | D:7      | Bought a scroll of identify for 24 gold pieces
  6665 | D:7      | Bought 2 scrolls of identify for 48 gold pieces
  7148 | D:7      | Found a snail-covered altar of Cheibriados.
  7284 | D:7      | Reached *** piety under Okawaru
  7707 | D:8      | Found a bloodstained altar of Trog.
  7734 | D:8      | Noticed a two-headed ogre
  8072 | D:8      | Noticed a two-headed ogre
  8365 | D:8      | HP: 2/79 [poisoned by an orc wizard]
  8366 | D:8      | Succumbed to an orc wizard's poison

Vault maps used:
D:1:      dpeg_arrival_radiant, st_stairs_1
D:2:      minmay_rat_gold_closets, uniq_terence, uniq_robin
D:3:      lemuel_round_altar, lemuel_crystal_altar
D:4:      tgw_sif
D:5:      lemuel_coloured_pillars_altar, minmay_temple_entry_fiery,
          first_ration, minmay_strange_pillars
D:6:      cheibrodos_fertilizer, doesnt_xom_only_xom,
          nicolae_dithmenos_through_a_glass_darkly, serial_shops, shop, shop,
          shop, shop
D:7:      slow_altar_1, serial_shops, shop
D:8:      overflow_temple_1_default
D:9:      kiku_gazebo_garden_becter, grunt_pizzeria, serial_bayou_crossing,
          uniq_prince_ribbit1
Temple:   nicolae_temple_figure_eight

Skill      XL: |  1  2  3  4  5  6  7  8  9 |
---------------+----------------------------+-----
Crossbows      | 5 6 7 8 9 11 | 11.8
Fighting       | 3 4 5 7 |  7.4
Armour         | 1 2 3 |  3.1
Stealth        | 1 |  1.4
Dodging        | 2 |  2.4
Spellcasting   | |  0.3
Conjurations   | |  0.3
Evocations     | |  0.2

Action                   |  1- 3 |  4- 6 |  7- 9 || total
-------------------------+-------+-------+-------++-------
Melee: Hand crossbow     |       |       |     4 ||     4
       Kick              |       |       |     1 ||     1
 Fire: Hand crossbow     |    60 |   165 |   390 ||   615
 Cast: Searing Ray       |       |       |     1 ||     1
Invok: Heroism           |       |       |     2 ||     2
Evoke: Wand              |       |       |     2 ||     2
  Use: Scroll            |       |       |    14 ||    14
  Eat: Chunk             |       |     3 |     7 ||    10
       Ration            |       |       |     2 ||     2
Armor: Leather armour    |     5 |    14 |    87 ||   106
Dodge: Dodged            |     4 |    15 |   144 ||   163

Table legend:
 A = Spawn XP
 B = Non-spawn XP
 C = Spawn XP percentage of total XP
 D = Spawn monster count
 E = Non-spawn monster count
 F = Spawn count percentage of total count
 G = Total turns spent on level
                    A         B        C        D         E        F      G
               +---------+---------+-------+---------+---------+-------+---------
         Total |       0 |    4754 |   0.0 |       0 |     186 |   0.0 |  8366
               +---------+---------+-------+---------+---------+-------+---------
           D:1 |       0 |      30 |   0.0 |       0 |      15 |   0.0 |   596
           D:2 |       0 |     139 |   0.0 |       0 |      36 |   0.0 |   937
           D:3 |       0 |     217 |   0.0 |       0 |      35 |   0.0 |   751
           D:4 |       0 |     501 |   0.0 |       0 |      17 |   0.0 |  1047
           D:5 |       0 |     650 |   0.0 |       0 |      15 |   0.0 |  1066
           D:6 |       0 |    2172 |   0.0 |       0 |      37 |   0.0 |  2300
           D:7 |       0 |     781 |   0.0 |       0 |      24 |   0.0 |  1377
           D:8 |       0 |     264 |   0.0 |       0 |       7 |   0.0 |   179
               +---------+---------+-------+---------+---------+-------+---------
